 Dungeon Crawl Stone Soup version 0.29.1-12-g30fa7ad0bf (webtiles) character file.

Game seed: 11320296172614634307

88 unlimited1921 the Magician (level 4, -2/46 HPs)
             Began as a Djinni Fire Elementalist on Jan 15, 2023.
             Killed by an exploding worm (4 damage)
             ... ignited by their inner flame
             ... on level 2 of the Dungeon.
             The game lasted 00:10:17 (2942 turns).

unlimited1921 the Magician (DjFE)                   Turns: 2942, Time: 00:10:17

Health: -2/46      AC: 22    Str:  7    XL:     4   Next: 81%
Gold:   98         EV:  2    Int: 18    God:
                   SH:  0    Dex: 14

rFire   + + .      SeeInvis .   h - +0 spear (drain)
rCold   . . .      Faith    .   (no shield)
rNeg    . . .      Spirit   .   (body armour currently unavailable)
rPois   ∞          Reflect  .   (helmet currently unavailable)
rElec   +          Harm     .   (cloak currently unavailable)
rCorr   +          Rampage  .   (gloves currently unavailable)
Will    .....      NoTele   +   (boots unavailable)
Stlth   ++........              (no amulet)
HPRegen 0.15/turn               f - ring of fire
MPRegen 0.00/turn               (no ring)

@: brilliant, tree-form, resistant, attractive
A: stationary, stasis, torment immunity, boosted hp, sickness immunity, (fire
resistance 2), (cold vulnerability 1), float, innate caster, HP casting, extra
vitality 1
a: no special abilities


You were on level 2 of the Dungeon.
You were a tree.
You visited 1 branch of the dungeon, and saw 2 of its levels.

You collected 98 gold pieces.

Inventory:

Hand Weapons
 h - a +0 spear of draining (weapon)
Armour
 a - a +0 robe (melded)
 b - a +0 pair of gloves (melded)
Jewellery
 f - a ring of fire (left branch)
Scrolls
 c - a scroll of noise
Potions
 g - 2 potions of attraction
 m - a potion of resistance


   Skills:
 + Level 2.6 Dodging
 + Level 2.3 Stealth
 + Level 3.5 Spellcasting


You couldn't memorise any spells.
You knew the following spells:

 Your Spells              Type           Power      Damage    Failure   Level
a - Foxfire               Conj/Fire      100%       2x1d9     3%          1
b - Scorch                Fire           72%        2d8       5%          2
c - Conjure Flame         Conj/Fire      36%        6-21      11%         3
d - Inner Flame           Hex/Fire       36%        N/A       11%         3
e - Flame Wave            Conj/Fire      36%        2d10      34%         4
f - Necrotise             Necr           96%        1d8       3%          1
Your spell library was empty.

Dungeon Overview and Level Annotations

Branches:
Dungeon (2/15)

Altars:

Shops:
D:1 [


Innate Abilities, Weirdness & Mutations

You are a tree.
Your roots penetrate the ground, keeping you stationary.
You cannot be teleported.
You are immune to unholy pain and torment.
Your maximum health is greatly increased.
Your equipment is partially melded.
You are immune to sickness and miasma.
You are immune to poison.
((Your flesh is very heat resistant. (rF++)))
((You are vulnerable to cold. (rC-)))
You float through the air rather than walking.
You learn spells naturally, not from books.
Your magical power is your life essence.
You have superior vitality. (+4 MHP)


Message History

* * * LOW HITPOINT WARNING * * *
The orc priest is no longer more vulnerable to fire.
The orc priest hits you but does no damage.
Unknown command.
You cannot move.
You cannot move.
You cannot move.
You hit the orc priest. You drain the orc priest.
You kill the orc priest!
You cannot move.
You cannot move.
You hit the quokka but do no damage. You drain the quokka.
The quokka is severely wounded.
The quokka bites you but does no damage.
You barely miss the quokka.
The quokka is severely wounded.
The worm is no longer more vulnerable to fire.
The quokka bites you but does no damage. x2
You cannot move.
You hit the quokka.
You kill the quokka!
The worm is attracted toward you.
You cannot move.
You cannot move.
You cannot move.
You cannot move.
You cannot move.
You cannot move.
You cannot move.
You cannot move.
You cannot move.
You cannot move.
You cannot move.
You cannot move.
You cannot move.
You cannot move.
You hit the worm.
The worm explodes!
The fiery explosion engulfs you. You resist.
You die...

.$§.............#.##
#...........†...#...
#.# ##.........#...
#§# #.........#...
#.# ##.........#...
#.# #..........#.##
#.# #.##########..#
#§####.# ##..
#§§♣rb.# #..
#...§####.# #..
#..#.. #.# ###
##.###. #.# # !
.##.# # #. ##.# #
#.# ####### #.#
....... #######


You could see a friendly bat (summoned) and a friendly rat (summoned).

Vanquished Creatures
  An orc priest (D:2)
  A gnoll (D:1)
  An adder (D:2)
  2 worms (D:2)
  A dart slug (D:1)
  2 bats
  An endoplasm (D:1)
  2 giant cockroaches (D:1)
  6 goblins
  4 hobgoblins
  3 kobolds (D:1)
  3 quokkas
  4 ball pythons
  2 frilled lizards (D:1)
33 creatures vanquished.

Vanquished Creatures (others)
  89 foxfires
89 creatures vanquished.

Grand Total: 122 creatures vanquished

Notes
Turn   | Place    | Note
-------+----------+-------------------------------------------
     0 | D:1      | unlimited1921 the Djinni Fire Elementalist began the quest
                  | for the Orb.
     0 | D:1      | unlimited1921 set off with the following spells memorised:
                  | Foxfire, Scorch, Conjure Flame, Inner Flame, Flame Wave.
     0 | D:1      | Reached XP level 1. HP: 15/15 MP: 0/0
   354 | D:1      | Reached XP level 2. HP: 17/21 MP: 0/0
  1092 | D:1      | Reached XP level 3. HP: 21/25 MP: 0/0
  1092 | D:1      | Learned a level 1 spell: Necrotise
  1259 | D:1      | Found Kytzi's Armour Shoppe.
  1266 | D:1      | Reached skill level 3 in Spellcasting
  1575 | D:1      | Found a faded altar of an unknown god.
  2565 | D:2      | Reached XP level 4. HP: 26/31 MP: 0/0
  2942 | D:2      | Killed by an exploding worm... ignited by their inner flame

Illustrated notes

Levels and vault maps discovered:
D:1:      dpeg_arrival_round_b, layout_loops_ring,
          chequers_ecumenical_altar_simple_redux, serial_shops,
          nicolae_shop_stone, skrybe_limestone_x,
          chequers_serial_rivers_small_b, minmay_misc_feat_hallway
D:2:      layout_loops_ring, basic_altar, minmay_misc_feat_iff,
          minmay_pentomino_t4

Skill      XL: |  1  2  3 |
---------------+----------+-----
Stealth        | 2 |  2.3
Spellcasting   | 3 |  3.5
Dodging        | |  2.6

Action                   |  1- 3 |  4- 6 || total
-------------------------+-------+-------++-------
Melee: Spear             |       |    14 ||    14
 Cast: Foxfire           |    49 |     3 ||    52
       Scorch            |     6 |     5 ||    11
       Inner Flame       |       |     1 ||     1
  Use: Scroll            |       |     4 ||     4
       Potion            |       |     4 ||     4
Armor: Robe              |     4 |       ||     4
       Skin              |       |    11 ||    11
Dodge: Dodged            |     7 |    12 ||    19
